 Dungeon Crawl Stone Soup version 0.27.1-33-g824d729ab1 (webtiles) character file.

Game seed: 5565685941789537987

148 austinbyrn the Shield-Bearer (level 5, 0/33 HPs)
             Began as a Gargoyle Fighter on Dec 11, 2021.
             Slain by an ogre (16 damage)
             ... on level 4 of the Dungeon.
             The game lasted 00:03:16 (3424 turns).

austinbyrn the Shield-Bearer (Gargoyle Fighter)     Turns: 3424, Time: 00:03:17

Health: 0/33       AC: 12    Str: 21    XL:     5   Next: 30%
Magic:  5/5        EV:  7    Int:  8    God:
Gold:   123        SH: 14    Dex:  9    Spells: 4/4 levels left

rFire    + . .     SeeInvis .   a - +0 flail
rCold    . . .     Faith    .   c - +0 kite shield
rNeg     + . .     Spirit   .   b - +0 scale mail
rPois    ∞         Reflect  +   (no helmet)
rElec    +         Harm     .   (no cloak)
rCorr    .         Rampage  .   t - +0 pair of gloves
Will     .....                  (no boots)
Stlth    ..........             f - amulet of reflection
HPRegen  0.11/turn              w - ring of protection from fire
MPRegen  0.09/turn              (no ring)

@: mighty
A: sickness immunity, AC +4, negative energy resistance 1, electricity
resistance, torment resistance 1, petrification resistance
a: no special abilities


You were on level 4 of the Dungeon.
You visited 1 branch of the dungeon, and saw 4 of its levels.

You collected 123 gold pieces.

Inventory:

Hand Weapons
 a - a +0 flail (weapon)
Missiles
 k - 14 poisoned darts (quivered)
 n - 2 javelins
Armour
 b - a +0 scale mail (worn)
 c - a +0 kite shield (worn)
 t - a +0 pair of gloves (worn)
Jewellery
 f - an amulet of reflection (around neck)
 w - a ring of protection from fire (left hand)
Scrolls
 e - 2 scrolls of teleportation {unknown}
 i - a scroll of holy word {unknown}
 j - 3 scrolls of identify {unknown}
 m - a scroll of fog {unknown}
 o - a scroll of amnesia {unknown}
 q - a scroll of immolation {unknown}
 r - 2 scrolls of enchant weapon {unknown}
 u - a scroll of vulnerability {unknown}
Potions
 g - 2 potions of flight {unknown}
 h - a potion of degeneration {unknown}
 l - 2 potions of cancellation {unknown}
 p - 2 potions of curing {unknown}
 s - a potion of invisibility {unknown}
 v - a potion of lignification {unknown}


   Skills:
 + Level 4.1 Fighting
 * Level 3.6 Maces & Flails
 - Level 3.2 Armour
 * Level 4.7 Shields


You had 4 spell levels left.
You didn't know any spells.
Your spell library was empty.

Dungeon Overview and Level Annotations

Branches:
Dungeon (4/15)
 Temple: D:4-7

Altars:
Qazlal
Uskayaw

Annotations:
D:3 1 runed translucent door, Crazy Yiuf


Innate Abilities, Weirdness & Mutations

You are immune to sickness and miasma.
Your stone body is resilient. (AC +4)
You are immune to poison.
You resist negative energy. (rN+)
You are resistant to electric shocks. (rElec)
You are resistant to unholy torment.
You are immune to petrification.


Message History

Found a stormy altar of Qazlal.
Found an escape hatch in the floor.
Found 14 stones.
Found an escape hatch in the floor.
You now have 96 gold pieces (gained 12).
Found 11 gold pieces.
You see here 14 stones.
You now have 107 gold pieces (gained 11).
Found a scroll labelled MEOTIO GAUMPA.
r - 2 scrolls labelled MEOTIO GAUMPA (gained 1)
You open the door.
There is an open door here.
Found an agate ring.
Found 8 gold pieces.
w - a ring of protection from fire
w - a ring of protection from fire (left hand)
You now have 115 gold pieces (gained 8).
Found a stone staircase leading down.
Found 8 gold pieces.
There is a stone staircase leading down here.
You now have 123 gold pieces (gained 8).
As you open the door, it creaks loudly!
There is an open door here.
An ogre comes into view. It is wielding a +0 giant club.
The ogre shouts!
The ogre moves out of view.
Found 12 gold pieces.
You block the ogre's attack.
You hit the ogre.
The ogre is lightly wounded.
You block the ogre's attack.
You hit the ogre.
The ogre is moderately wounded.
The ogre hits you with a +0 giant club!!
Ouch! That really hurt!
You are too injured to fight recklessly!
You are too injured to fight recklessly!
You feel very mighty all of a sudden. You block the ogre's attack.
You thump the ogre!
The ogre is heavily wounded.
The ogre hits you with a +0 giant club!
You die...

########################
................@.......
#.######...######O......
#.######...## .......
#>.....'....## .......
########.....# .......
## #...#.# ....... <#
#...#.# ...$... ##
#####.# #+##### # #


You could see an ogre.

Vanquished Creatures
  A necrophage (D:2)
  2 adders (D:3)
  A worm (D:3)
  An orc (D:3)
  4 bats
  5 endoplasms
  2 giant cockroaches
  4 hobgoblins
  2 kobolds
  2 quokkas
  7 ball pythons
  3 frilled lizards
  5 goblins
  A rat (D:1)
40 creatures vanquished.

Notes
Turn   | Place    | Note
-------+----------+-------------------------------------------
     0 | D:1      | austinbyrn the Gargoyle Fighter began the quest for the
                  | Orb.
     0 | D:1      | Reached XP level 1. HP: 14/14 MP: 1/1
   326 | D:1      | Reached XP level 2. HP: 15/19 MP: 2/2
  1415 | D:1      | Reached XP level 3. HP: 23/23 MP: 3/3
  1475 | D:2      | Noticed a necrophage
  1483 | D:2      | Killed a necrophage
  1484 | D:2      | Reached XP level 4. HP: 21/29 MP: 4/4
  1648 | D:2      | Found a faded altar of an unknown god.
  2011 | D:2      | Reached XP level 5. HP: 33/33 MP: 5/5
  3042 | D:3      | Found a hide-covered altar of Uskayaw.
  3128 | D:3      | Found a runed translucent door.
  3129 | D:3      | Noticed Crazy Yiuf
  3299 | D:4      | Found a stormy altar of Qazlal.
  3418 | D:4      | Noticed an ogre
  3424 | D:4      | Slain by an ogre

Illustrated notes

Levels and vault maps discovered:
D:1:      dpeg_arrival_short_road, layout_basic, minmay_tall_x
D:2:      layout_loops_ring, chequers_ecumenical_altar_simple_redux,
          chequers_serial_rivers_large_b
D:3:      layout_basic, general_overflow_altar, uniq_crazy_yiuf_cottage
D:4:      layout_basic, grunt_temple_overflow_order_and_chaos_2,
          nicolae_qazlal_general_emergency, uniq_grinder

Skill      XL: |  1  2  3  4 |
---------------+-------------+-----
Maces & Flails | 3 |  3.6
Shields        | 4 |  4.7
Fighting       | 4 |  4.1
Armour         | |  3.2

Action                   |  1- 3 |  4- 6 || total
-------------------------+-------+-------++-------
Melee: Flail             |   104 |    77 ||   181
  Use: Potion            |       |     1 ||     1
Armor: Scale mail        |    53 |    29 ||    82
Dodge: Dodged            |    32 |    18 ||    50
Block: Kite shield       |    48 |    55 ||   103
